 Dungeon Crawl Stone Soup version 0.19.5 (webtiles) character file.

11573 EvilAshe the Frost Mage (level 11, -4/85 HPs)
             Began as a Demigod Ice Elementalist on Apr 25, 2017.
             Killed from afar by a manticore (17 damage)
             ... with a volley of spikes
             ... on level 12 of the Dungeon.
             The game lasted 00:56:42 (17073 turns).

EvilAshe the Frost Mage (Demigod Ice Elementalist) Turns: 17073, Time: 00:56:43

Health: -4/85      AC:  6    Str: 11    XL:     11   Next: 26%
Magic:  12/27      EV: 18    Int: 25    God:
Gold:   477        SH:  0    Dex: 16    Spells: 4 memorised, 14 levels left

rFire  + . .     SeeInvis .     w - +1 flail (venom)
rCold  . . .     Gourm    .     s - +1 robe {rF+}
rNeg   . . .     Faith    .     (no shield)
rPois  .         Spirit   .     (helmet restricted)
rElec  .         Reflect  .     l - +2 cloak
rCorr  .         Harm     .     (no gloves)
MR     +....                    (no boots)
Stlth  ++........               (no amulet)
                                (no ring)
                                (no ring)

@: barbed spikes, very slightly contaminated
A: antennae 1, high mp 1
a: no special abilities


You were on level 12 of the Dungeon.
You were not hungry.

You visited 1 branch of the dungeon, and saw 12 of its levels.

You collected 660 gold pieces.
You spent 183 gold pieces at shops.

Inventory:

Hand Weapons
 w - a +1 flail of venom (weapon)
Armour
 l - a +2 cloak (worn)
 s - a +1 robe of fire resistance (worn)
 B - a +2 shield
Wands
 a - a wand of random effects (25/48)
 q - a wand of digging (17/24)
 y - a wand of digging (15/24)
 z - a wand of acid (4/15)
Scrolls
 e - 2 scrolls of identify
 f - a scroll of holy word {unknown}
 g - a scroll of immolation
 m - a scroll of enchant armour {unknown}
 n - 4 scrolls of remove curse
 o - 6 scrolls of amnesia
 r - a scroll of recharging {unknown}
 t - a scroll of fog
 v - 2 scrolls of blinking
 D - a scroll of magic mapping {unknown}
 G - a scroll of vulnerability {unknown}
 H - a scroll of teleportation {unknown}
Potions
 h - 8 potions of curing
 j - 5 potions of heal wounds
 k - a potion of flight
 u - a potion of haste
 x - a potion of berserk rage
 A - 2 potions of cancellation
 C - a potion of beneficial mutation
Books
 b - a book of Frost

   Spells                             Type                      Level
   a - Freeze                         Ice                          1
   b - Throw Frost                    Conjuration/Ice              2
   c - Ozocubu's Armour               Charms/Ice                   3
   d - Throw Icicle                   Conjuration/Ice              4
   e - Summon Ice Beast               Ice/Summoning                4
 E - a book of Changes

   Spells                             Type                      Level
   a - Beastly Appendage              Transmutation                1
   b - Sticks to Snakes               Transmutation                2
   c - Spider Form                    Transmutation/Poison         3
   d - Ice Form                       Ice/Transmutation            4
   e - Blade Hands                    Transmutation                5
 F - a book of Beasts

   Spells                             Type                      Level
   a - Summon Butterflies             Summoning                    1
   b - Call Canine Familiar           Summoning                    3
   c - Summon Ice Beast               Ice/Summoning                4
   d - Summon Mana Viper              Hexes/Summoning              5
   e - Summon Hydra                   Summoning                    7
Comestibles
 c - 6 bread rations
 d - 11 fruits
 i - 2 beef jerkies
 p - 2 meat rations
 I - 7 chunks of flesh


   Skills:
 + Level 4.4 Fighting
 + Level 8.3 Dodging
 - Level 1.7 Stealth
 + Level 7.9 Spellcasting
 - Level 0.8 Conjurations
 + Level 4.4 Summonings
 + Level 10.8 Ice Magic


You had 14 spell levels left.
You knew the following spells:

 Your Spells              Type           Power        Failure   Level  Hunger
a - Freeze                Ice            ####         1%          1    None
b - Summon Ice Beast      Ice/Summ       #####...     2%          4    ##.....
f - Throw Frost           Conj/Ice       #####.       1%          2    None
i - Throw Icicle          Conj/Ice       #####...     8%          4    ##.....


Dungeon Overview and Level Annotations

Branches:
Dungeon (12/15)            Temple (0/1) D:4            Lair (0/6) D:9
    Orc (0/2) D:10

Shops:
D:4 ![?=*   D:5 =   D:8 %!*(

Annotations:
D:8 Erica
D:9 exclusion: guardian serpent, Erolcha
D:10 toffzen's ghost, novice GrEE
D:12 Nessos


Innate Abilities, Weirdness & Mutations

You have an increased reservoir of magic. (+10% MP)
You have a pair of small antennae on your head.


Message History

t - Shout!
Orders for allies: a - Attack new target. r - Retreat! s - Stop attacking. g - Guard the area. f - Follow me.
Anything else - Cancel.
Gang up on whom?
Press: ? - help, Dir - move target cursor, f - manticore
Aim: a manticore Attack!
The manticore flicks its tail.
The volley of spikes hits you!
The barbed spikes become lodged in your body.
* * * LOW HITPOINT WARNING * * *
Casting: Summon Ice Beast
Confirm with . or Enter, or press ? or * to list all spells.
A chill wind blows around you.
The manticore flicks its tail.
The volley of spikes hits you!
The barbed spikes become lodged in your body.
You die...

##.... # '..H.# ..#
##....# ......... ##....#
........# ##....#
#.......# #..H.# #......#
#.Y.## #.....# #...#
#....# #.Y@#..## ##....#
#...#...## ##......
#)..#....####.......
#...#.....##........
....##.##...........[...
....##'##...............
.........................
.........................
..........)..............


You could see a manticore and 2 friendly ice beasts.

Vanquished Creatures
  An unseen horror (D:12)
  4 kobold demonologists (D:10)
  A troll (D:11)
  Prince Ribbit (D:7)
  Edmund (D:5)
  3 water moccasins
  An ice beast (D:4)
  4 orc warriors
  A sky beast (D:5)
  The ghost of et2088 the Poker, an amateur NaFi (D:3)
  Duvessa (D:5)
  2 necrophages
  A black bear (D:7)
  8 centaurs
  8 ogres
  A crocodile (D:8)
  3 big kobolds
  6 bullfrogs
  A gnoll sergeant (D:10)
  Dowan (D:5)
  2 scorpions
  6 killer bees
  7 howler monkeys
  11 crimson imps
  2 bullfrog zombies (D:5)
  6 hounds
  A quasit (D:7)
  A jelly (D:11)
  10 orc priests
  18 orc wizards
  3 bullfrog skeletons
  5 iguanas
  9 worker ants
  2 hound zombies (D:8)
  Robin (D:3)
  5 gnolls
  A howler monkey skeleton (D:7)
  16 adders
  3 shadow imps
  An ooze (D:1)
  2 adder zombies
  3 dart slugs
  4 worms
  7 leopard geckos
  47 orcs
  A giant cockroach (D:2)
  15 goblins
  12 hobgoblins
  9 jackals
  4 quokkas
  A ball python (D:1)
  6 bats
  5 frilled lizards
  12 kobolds
  A leopard gecko skeleton (D:6)
  2 quokka skeletons
  A quokka zombie (D:6)
  6 rats
298 creatures vanquished.

Vanquished Creatures (collateral kills)
  A hydra (D:11)
  3 hill giants
  An ugly thing (D:12)
  2 trolls
  A two-headed ogre (D:9)
  2 hippogriffs
  3 yaks (D:9)
  A hungry ghost (D:11)
  An orc warrior (D:10)
  3 ice beasts
  2 ogres
  A necrophage (D:12)
  A sky beast (D:9)
  2 bullfrogs (D:11)
  A gnoll sergeant (D:11)
  2 wyvern zombies
  3 killer bees (D:7)
  3 wights (D:7)
  A howler monkey (D:10)
  A crimson imp (D:11)
  2 quasits
  A bullfrog zombie (D:8)
  A hound (D:9)
  A bullfrog skeleton (D:6)
  2 centaur skeletons (D:11)
  2 orc wizards (D:9)
  A worker ant (D:12)
  7 gnolls
  An adder (D:10)
  A shadow imp (D:10)
  An adder skeleton (D:10)
  2 orcs
57 creatures vanquished.

Vanquished Creatures (others)
  A bush (D:6)
  2 plants (D:8)
3 creatures vanquished.

Grand Total: 358 creatures vanquished

Notes
Turn   | Place    | Note
-------+----------+-------------------------------------------
     0 | D:1      | EvilAshe the Demigod Ice Elementalist began the quest for the Orb.
     0 | D:1      | Reached XP level 1. HP: 14/14 MP: 5/5
   181 | D:1      | Reached skill level 3 in Ice Magic
   332 | D:1      | Reached XP level 2. HP: 14/20 MP: 4/7
   424 | D:1      | Learned a level 2 spell: Throw Frost
   726 | D:1      | Reached XP level 3. HP: 21/26 MP: 6/9
  1210 | D:2      | Found a hide-covered altar of Uskayaw.
  1210 | D:2      | Found a stormy altar of Qazlal.
  1211 | D:2      | Found a sacrificial altar of Ru.
  1415 | D:2      | Reached XP level 4. HP: 30/33 MP: 7/10
  1713 | D:3      | Reached skill level 4 in Ice Magic
  1719 | D:3      | Noticed et2088's ghost (amateur NaFi)
  1945 | D:3      | Found a shimmering altar of Xom.
  1983 | D:3      | Reached XP level 5. HP: 38/38 MP: 9/12
  2144 | D:4      | Found a staircase to the Ecumenical Temple.
  2580 | D:4      | Found Cuzoaps's Antique Armour Emporium.
  2591 | D:4      | Noticed Robin
  2662 | D:4      | Found Pullog's Magic Scroll Boutique.
  2673 | D:3      | Killed Robin
  2753 | D:3      | Reached XP level 6. HP: 43/45 MP: 8/13
  2774 | D:4      | Reached skill level 5 in Ice Magic
  2960 | D:4      | Bought a scroll of fog for 24 gold pieces
  2972 | D:4      | Found Maisor's Jewellery Shop.
  3061 | D:4      | Found Hiadoo's General Store.
  3067 | D:4      | Bought 2 potions of curing for 78 gold pieces
  3185 | D:4      | Found Purig's Distillery.
  3193 | D:4      | Bought a potion of heal wounds for 70 gold pieces
  3421 | D:4      | Learned a level 4 spell: Throw Icicle
  3422 | D:5      | Entered Level 5 of the Dungeon
  3471 | D:5      | Noticed Edmund
  3471 | D:5      | Noticed Duvessa
  3501 | D:5      | Killed Duvessa
  3501 | D:5      | Reached XP level 7. HP: 43/50 MP: 4/15
  3528 | D:5      | Noticed Dowan
  3673 | D:5      | Killed Dowan
  3673 | D:5      | Reached skill level 6 in Ice Magic
  3996 | D:5      | Killed Edmund
  4863 | D:5      | Found Vadece's Jewellery Emporium.
  5141 | D:3      | Killed et2088's ghost
  5141 | D:3      | Reached skill level 7 in Ice Magic
  5141 | D:3      | Reached XP level 8. HP: 27/57 MP: 7/18
  5301 | D:3      | Learned a level 4 spell: Summon Ice Beast
  5687 | D:5      | Reached skill level 5 in Dodging
  5934 | D:5      | Found a white marble altar of Elyvilon.
  6133 | D:5      | Reached skill level 5 in Spellcasting
  6234 | D:5      | Reached skill level 8 in Ice Magic
  6878 | D:6      | Found a sparkling altar of Nemelex Xobeh.
  7394 | D:6      | Reached XP level 9. HP: 48/62 MP: 15/21
  7611 | D:6      | Gained mutation: You have a pair of small antennae on your head. [potion of beneficial mutation]
  7794 | D:7      | Found a bloodstained altar of Trog.
  7871 | D:7      | Noticed Prince Ribbit
  7894 | D:7      | Killed Prince Ribbit
  7894 | D:7      | Reached skill level 9 in Ice Magic
  8973 | D:8      | Found Tiwofe's Distillery.
  8976 | D:8      | Bought a potion of degeneration for 11 gold pieces
  9194 | D:8      | Found Macs's Assorted Antiques.
  9391 | D:8      | Found Pucvyfes's Weapon Shop.
  9395 | D:8      | Noticed Erica
  9482 | D:9      | Noticed a guardian serpent
  9856 | D:8      | Found Guijinit's Food Shop.
 10060 | D:9      | Reached skill level 1 in Fighting
 10391 | D:9      | Reached skill level 1 in Summonings
 10391 | D:9      | Reached XP level 10. HP: 57/71 MP: 16/23
 10516 | D:9      | Reached skill level 10 in Ice Magic
 11138 | D:9      | Found a staircase to the Lair.
 11228 | D:9      | Noticed Erolcha
 11594 | D:10     | Entered Level 10 of the Dungeon
 12092 | D:10     | Noticed toffzen's ghost (novice GrEE)
 12969 | D:10     | Noticed a hill giant
 12991 | D:10     | Killed a hill giant
 13789 | D:11     | Noticed a rust devil
 14343 | D:11     | Noticed a five-headed hydra
 14350 | D:11     | Killed a five-headed hydra
 14654 | D:10     | Found a staircase to the Orcish Mines.
 15450 | D:11     | Noticed a smoke demon
 15450 | D:11     | Noticed a sun demon
 15468 | D:10     | Noticed a sixfirhy
 15482 | D:10     | Reached XP level 11. HP: 45/83 MP: 4/26
 16071 | D:11     | Noticed a hill giant
 16080 | D:11     | Killed a hill giant
 16208 | D:11     | Noticed a hill giant
 16216 | D:11     | Killed a hill giant
 16878 | D:12     | Noticed Nessos
 17069 | D:12     | Killed an unseen horror
 17073 | D:12     | Killed from afar by a manticore

Skill      XL: |  1  2  3  4  5  6  7  8  9 10 11 |
---------------+----------------------------------+-----
Ice Magic      | 3 4 5 7 8 9 10 | 10.8
Dodging        | 2 3 4 5 6 8 |  8.3
Spellcasting   | 2 3 4 5 6 7 |  7.9
Fighting       | 1 3 4 |  4.4
Summonings     | 1 3 4 |  4.4
Stealth        | |  1.7
Conjurations   | |  0.8

Action                   |  1- 3 |  4- 6 |  7- 9 | 10-12 || total
-------------------------+-------+-------+-------+-------++-------
Melee: Unarmed           |     8 |       |       |       ||     8
       Quarterstaff      |       |    52 |       |       ||    52
       Flail             |       |       |   146 |   107 ||   253
 Cast: Freeze            |    67 |    69 |   194 |   219 ||   549
       Throw Frost       |       |    22 |    86 |    95 ||   203
       Throw Icicle      |       |       |     2 |     5 ||     7
       Summon Ice Beast  |       |       |    33 |    60 ||    93
Evoke: Wand              |       |       |       |     1 ||     1
  Use: Scroll            |       |     4 |     7 |     3 ||    14
       Potion            |       |       |     3 |     2 ||     5
 Stab: Sleeping          |     2 |     2 |       |     2 ||     6
       Distracted        |       |       |     3 |     2 ||     5
  Eat: Chunk             |     2 |     7 |    24 |    25 ||    58
       Royal jelly       |       |       |     1 |       ||     1
Armor: Robe              |     6 |    35 |    84 |    77 ||   202
       Skin              |       |       |     6 |       ||     6
Dodge: Dodged            |    33 |    86 |   273 |   355 ||   747
